AoeStats
← hkfatih

Arabia

505302208Analyzed
1v1 RM · 23d ago on Sep 8, 2026· 21m 19s· 2 players
Game mode
Random Map
Map size
Tiny (2 player)
Population
200
Speed
Normal
Resources
Standard
Victory
Conquest
Starting age
Dark Age
Ending age
Imperial Age
RankedLock teamsTeams togetherTeam positionsShared explorationLock speedFull tech treeHidden civsTurbo modeCheats
Victory
Defeat
🇮🇪 Huns · Ireland
1348
+14
🇫🇷 Turks · France
1302
-14
hkfatih
9:34 Feudal Age
7:53 Loom
9:38 Feudal Age
EweRwoRld
6:57 Loom
7:03 Loom
9:40 Feudal Age
10:38 Man-at-Arms
12:35 Arson
12:43 Arson
12:55 Double-Bit Axe
18:29 Arson
19:19 Horse Collar
19:56 Bloodlines
20:14 Bloodlines
Connection lost

Rejoining the realm…

Still unreachable

The connection could not be restored.

Session expired

The server has moved on; the page needs a fresh start.